 Dungeon Crawl Stone Soup version 0.26.0-10-g1f06aea511 (webtiles) character file.

Game seed: 1847403895608264029

10456 Arum the Fighter (level 11, -13/92 HPs)
             Began as a Mummy Fighter on Jan 19, 2021.
             Was a High Priest of Makhleb.
             Mangled by an ettin
             ... wielding a +0 dire flail
              (34 damage)
             ... on level 10 of the Dungeon.
             The game lasted 00:21:41 (11475 turns).

Arum the Fighter (Mummy Fighter)                   Turns: 11475, Time: 00:21:42

Health: -13/92     AC: 18    Str: 23    XL:     11   Next: 36%
Magic:  11/11      EV:  6    Int: 11    God:    Makhleb [*****.]
Gold:   511        SH: 12    Dex: 21    Spells: 10/10 levels left

rFire    + . .     SeeInvis .   q - +9 mace of the Jester {flame, *Corrode rF+ Int+3 Dex+4}
rCold    + . .     Faith    .   c - +0 kite shield
rNeg     + + +     Spirit   .   F - +2 chain mail {rF+}
rPois    ∞         Reflect  .   z - +1 helmet
rElec    .         Harm     .   B - +2 cloak {Stlth+}
rCorr    .         Rampage  .   t - +0 pair of gloves
Will     ++...                  h - +0 pair of boots
Stlth    ..........             (no amulet)
HPRegen  0.25/turn              C - +6 ring of dexterity
MPRegen  0.12/turn              p - ring of willpower

@: no status effects
A: no potions, fire vulnerability, cold resistance 1, negative energy resistance
3, torment resistance, unbreathing
a: Renounce Religion, Minor Destruction, Lesser Servant of Makhleb, Major
Destruction, Greater Servant of Makhleb


You were on level 10 of the Dungeon.
You worshipped Makhleb.
Makhleb was extremely pleased with you.
You visited 1 branch of the dungeon, and saw 10 of its levels.

You collected 828 gold pieces.
You spent 317 gold pieces at shops.

Inventory:

Hand Weapons
 a - a +0 flail
 q - the +9 mace of the Jester (weapon) {flame, *Corrode rF+ Int+3 Dex+4}
   (You found it on level 5 of the Dungeon)

   It has been specially enchanted to burn those struck by it, causing extra
   injury to most foes and up to half again as much damage against particularly
   susceptible opponents.
   It affects your intelligence (+3).
   It affects your dexterity (+4).
   It protects you from fire.
   It may corrode you when you take damage.
Missiles
 w - 5 throwing nets (quivered)
Armour
 c - a +0 kite shield (worn)
 h - a +0 pair of boots (worn)
 t - a +0 pair of gloves (worn)
 z - a +1 helmet (worn)
 B - a +2 cloak of stealth (worn)
 F - a +2 chain mail of fire resistance (worn)
Jewellery
 b - a cursed ring of teleportation {unknown}
 d - a +4 ring of evasion
 p - a ring of willpower (right hand)
 r - an uncursed ring of magical power
 C - a +6 ring of dexterity (left hand)
 D - an uncursed ring of resist corrosion
Wands
 n - a wand of disintegration (12)
 s - a wand of acid (4)
 u - a wand of flame (24)
 v - a wand of paralysis (11)
Scrolls
 e - 3 scrolls of amnesia
 f - 3 scrolls of identify
 g - 2 scrolls of immolation
 i - 9 scrolls of teleportation
 j - 4 scrolls of fog
 k - a scroll of noise
 l - 3 scrolls of enchant weapon
 m - 3 scrolls of magic mapping
 o - 6 scrolls of remove curse
 x - a scroll of random uselessness
 y - 2 scrolls of blinking
 A - 2 scrolls of fear
 E - a scroll of enchant armour {unknown}


   Skills:
 + Level 10.7 Fighting
 + Level 8.9 Maces & Flails
 * Level 3.3 Armour
 - Level 9.0 Shields


You had 10 spell levels left.
You didn't know any spells.
Your spell library contained the following spells:

 Spells                   Type           Power        Failure   Level
 Corona                   Hex            0%           99%         1
 Magic Dart               Conj           0%           99%         1
 Blink                    Tloc           N/A          100%        2
 Call Imp                 Summ           0%           100%        2
 Slow                     Hex            0%           100%        2
 Conjure Flame            Conj/Fire      0%           100%        3
 Inner Flame              Hex/Fire       0%           100%        3
 Mephitic Cloud           Conj/Pois/Air  0%           100%        3
 Portal Projectile        Hex/Tloc       0%           100%        3
 Cause Fear               Hex            0%           100%        4
 Leda's Liquefaction      Hex/Erth       0%           100%        4


Dungeon Overview and Level Annotations

Branches:
Dungeon (10/15)            Temple (0/1) D:6            Lair (0/6) D:8
    Orc (0/2) D:9

Altars:
Ashenzari
Dithmenos
Fedhas
Gozag
Makhleb
Nemelex Xobeh
Vehumet
Xom

Shops:
D:4 ?   D:10 *

Annotations:
D:8 2 runed translucent doors, dohliylev's ghost, journeyman MiBe


Innate Abilities, Weirdness & Mutations

You do not drink.
Your flesh is vulnerable to fire.
You are immune to poison.
Your flesh is cold resistant. (rC+)
You are immune to negative energy. (rN+++)
You are immune to unholy pain and torment.
You can survive without breathing.


Message History

Evoke which item? (* to show all) (? for menu, Esc to quit)
Aiming: Paralyse
Press: ? - help, Shift-Dir - straight line, f/p - ettin
Aim: an ettin, wielding two +0 dire flails (lightly wounded, chance to affect: 28%)
The ettin easily resists.
Evoke which item? (* to show all) (? for menu, Esc to quit)
Aiming: Corrosive Bolt
Press: ? - help, Shift-Dir - straight line, f/p - ettin
Aim: an ettin, wielding two +0 dire flails (lightly wounded, 6% to evade)
The bolt of acid hits the ettin!
The ettin is splashed with acid.
The acid corrodes the ettin!
The ettin is moderately wounded.
Throw: 6 throwing nets
Press: ? - help, Q - select action, (/) - cycle Shift-Dir - straight line, f/p - ettin
Aim: an ettin, wielding two +0 dire flails (moderately wounded, covered in acid, immune to nets)
You throw a throwing net. The throwing net hits the ettin.
The ettin is too large for the net to hold!
The ettin is moderately wounded.
The ettin hits you with a +0 dire flail!!
You die...

#(##.#...###(#######)#
#.##.##........(..##)#
#.##.##.####.####.##(#
#.##.##.# #.........#
#.##.##.# #..###.##..
#....)..# #.!........
####.#### #...##.##.#
#....#######...##.##.#
#.##.@C..............#
#.##########...##(####
#.# #...#...... #.#
#..>....... #.#
#.....###.# #.#
#.....# #.# #.#
##...## #.# #.# ##.##
#.#
#.############.#####.#


You could see an ettin (corroded).

Vanquished Creatures
  3 two-headed ogres
  Joseph (D:7)
  Maurice (D:8)
  A troll (D:9)
  2 hornets
  Grinder (D:6)
  Sigmund (D:5)
  Menkaure (D:4)
  2 steam dragons (D:8)
  2 wargs (D:9)
  A water moccasin (D:7)
  An ice beast (D:9)
  8 orc warriors
  3 sky beasts
  A black bear (D:10)
  5 ogres
  5 centaurs
  2 wolves (D:7)
  4 phantoms
  A big kobold (D:8)
  5 bullfrogs
  4 gnoll sergeants (D:7)
  A wyvern zombie (D:6)
  6 scorpions
  9 killer bees (D:7)
  4 wights (D:7)
  An electric eel (D:7)
  A crimson imp (D:2)
  A centaur zombie (D:6)
  A bullfrog zombie (D:5)
  A quasit (D:7)
  6 hounds
  12 orc priests
  5 jellies
  A centaur skeleton (D:10)
  Crazy Yiuf (D:3)
  5 orc wizards
  3 gnoll shamans (D:7)
  2 bullfrog skeletons
  9 iguanas
  7 worker ants
  A hound zombie (D:5)
  32 gnolls
  7 adders
  2 white imps
  4 ufetubi
  An ooze (D:2)
  An adder zombie (D:6)
  3 worms
  4 dart slugs
  10 leopard geckos
  30 orcs
  9 bats
  5 giant cockroaches
  4 hobgoblins
  20 jackals
  10 quokkas
  8 ball pythons
  4 frilled lizards
  7 goblins
  2 jackal skeletons
  8 kobolds
  A leopard gecko skeleton (D:4)
  2 leopard gecko zombies
  7 rats
313 creatures vanquished.

Vanquished Creatures (others)
  47 fungi
  36 plants (D:8)
83 creatures vanquished.

Grand Total: 396 creatures vanquished

Notes
Turn   | Place    | Note
-------+----------+-------------------------------------------
     0 | D:1      | Arum the Mummy Fighter began the quest for the Orb.
     0 | D:1      | Reached XP level 1. HP: 18/18 MP: 1/1
   282 | D:1      | Reached XP level 2. HP: 24/24 MP: 2/2
   983 | D:2      | Reached XP level 3. HP: 28/29 MP: 3/3
  1974 | D:2      | Found a burning altar of Makhleb.
  2018 | D:2      | Became a worshipper of Makhleb the Destroyer
  2033 | D:2      | Reached XP level 4. HP: 35/37 MP: 4/4
  2382 | D:3      | Reached skill level 4 in Fighting
  2401 | D:3      | Reached XP level 5. HP: 27/42 MP: 5/5
  3211 | D:3      | Reached * piety under Makhleb
  3212 | D:3      | Reached XP level 6. HP: 49/49 MP: 6/6
  3481 | D:3      | Found a runed translucent door.
  3482 | D:3      | Noticed Crazy Yiuf
  3729 | D:3      | Killed Crazy Yiuf
  4245 | D:4      | Found Yvaoc's Magic Scroll Boutique.
  4250 | D:4      | Bought a scroll of magic mapping for 42 gold pieces
  4250 | D:4      | Bought a scroll of teleportation for 36 gold pieces
  4250 | D:4      | Bought a scroll of identify for 24 gold pieces
  4291 | D:4      | Reached skill level 5 in Fighting
  4459 | D:4      | Noticed Menkaure
  4499 | D:4      | Killed Menkaure
  4500 | D:4      | Reached XP level 7. HP: 33/56 MP: 7/7
  4704 | D:5      | Entered Level 5 of the Dungeon
  4775 | D:5      | Noticed Sigmund
  4784 | D:5      | Killed Sigmund
  4984 | D:5      | Reached skill level 6 in Fighting
  5028 | D:5      | Reached skill level 5 in Shields
  5330 | D:5      | Reached XP level 8. HP: 29/64 MP: 8/8
  5610 | D:5      | Got an iridescent mace
  5611 | D:5      | Identified the +9 mace of the Jester {flame, *Corrode rF+
                  | Int+3 Dex+4} (You found it on level 5 of the Dungeon)
  5658 | D:5      | Reached ** piety under Makhleb
  5683 | D:5      | Reached skill level 5 in Maces & Flails
  6213 | D:6      | Noticed Grinder
  6221 | D:6      | Killed Grinder
  6222 | D:6      | Reached skill level 7 in Fighting
  6240 | D:6      | Found a broken altar of Ashenzari.
  6481 | D:6      | Reached XP level 9. HP: 71/72 MP: 9/9
  6506 | D:6      | Found a staircase to the Ecumenical Temple.
  6783 | D:6      | Found a radiant altar of Vehumet.
  6783 | D:6      | Found a faded altar of an unknown god.
  6788 | D:6      | Found a blossoming altar of Fedhas.
  6790 | D:6      | Found a shadowy altar of Dithmenos.
  6792 | D:6      | Found a sparkling altar of Nemelex Xobeh.
  7008 | D:7      | Noticed Joseph
  7027 | D:7      | Killed Joseph
  7028 | D:7      | Reached skill level 8 in Fighting
  7309 | D:7      | Reached *** piety under Makhleb
  8272 | D:7      | Reached XP level 10. HP: 82/82 MP: 10/10
  8276 | D:7      | Reached **** piety under Makhleb
  8299 | D:7      | Reached skill level 9 in Fighting
  8557 | D:7      | Found an opulent altar of Gozag.
  8877 | D:8      | Noticed a two-headed ogre
  8938 | D:7      | Killed a two-headed ogre
  9135 | D:8      | Noticed Maurice
  9456 | D:8      | Killed Maurice
  9488 | D:8      | Found a large runed translucent door.
  9488 | D:8      | Found a large runed translucent door.
  9578 | D:8      | Found a staircase to the Lair.
  9661 | D:8      | Reached skill level 10 in Fighting
  9918 | D:8      | Noticed dohliylev's ghost (journeyman MiBe)
  9983 | D:9      | Noticed a two-headed ogre
  9994 | D:9      | Killed a two-headed ogre
 10101 | D:9      | Found a staircase to the Orcish Mines.
 10141 | D:9      | Reached XP level 11. HP: 91/91 MP: 11/11
 10332 | D:9      | Reached ***** piety under Makhleb
 10375 | D:9      | Found a shimmering altar of Xom.
 10375 | D:9      | Found a shimmering altar of Xom.
 10375 | D:9      | Noticed a two-headed ogre
 10382 | D:9      | Killed a two-headed ogre
 10383 | D:9      | Found a shimmering altar of Xom.
 10384 | D:9      | Found a shimmering altar of Xom.
 10384 | D:9      | Found a shimmering altar of Xom.
 10384 | D:9      | Found a shimmering altar of Xom.
 10703 | D:10     | Entered Level 10 of the Dungeon
 11021 | D:10     | Found Wyxiluzaurch's General Store.
 11028 | D:10     | Bought a +2 chain mail of fire resistance for 215 gold
                  | pieces
 11428 | D:10     | Noticed an ettin
 11475 | D:10     | Mangled by an ettin

Illustrated notes

Levels and vault maps discovered:
D:1:      ncdulo_lavacross, layout_basic, chequers_serial_rivers_small_3
D:2:      layout_basic, makhleb_grotto_becter
D:3:      layout_basic, uniq_crazy_yiuf_cottage
D:4:      layout_rooms, serial_shops, nicolae_shop_stone,
          corexii_leaking_fountain, uniq_menkaure
D:5:      layout_loops_ring, grunt_ministairs_11, minmay_stone_trees_large,
          uniq_sigmund
D:6:      layout_rooms, chequers_temple_overflow_minitemple,
          minmay_temple_entry_hall, serial_aquarium, aquarium_bridge_long_joined
          [aquarium_subvault_bridge, aquarium_subvault_wall,
          aquarium_subvault_balcony, aquarium_subvault_bridge,
          aquarium_subvault_wall, aquarium_subvault_bridge],
          aquarium_bridge_square [aquarium_subvault_bridge,
          aquarium_subvault_balcony, aquarium_subvault_balcony,
          aquarium_subvault_wall], aquarium_window_corridor_2,
          aquarium_window_2, aquarium_view_2e, aquarium_balcony_3b,
          aquarium_pool_corner, minmay_misc_feat_rows, evilmike_ruin_ashenzari,
          uniq_grinder
D:7:      layout_cave_pools, nicolae_overflow_crystal_walls, serial_gnoll_camp,
          gnoll_camp_huts_moat, gnoll_camp_medium_01, gnoll_camp_mini_hut,
          gnoll_camp_mini_doghouse, gnoll_camp_mini_basic,
          chequers_serial_rivers_small_3, uniq_joseph
D:8:      kennysheep_steamy, layout_cave_pools, due_lair_maze_entry_diamond,
          ebering_ghost_disaster_area, uniq_maurice
D:9:      layout_cave_pools, xom_shifter_show, david_orc_1_choice,
          minmay_misc_feat_encased
D:10:     layout_loops_ring, serial_shops, nicolae_shop_statue_plus,
          chequers_mini_garden, kennysheep_just_a_vault

Skill      XL: |  1  2  3  4  5  6  7  8  9 10 11 |
---------------+----------------------------------+-----
Maces & Flails | 2 3 4 5 7 8 |  8.9
Shields        | 3 4 5 6 7 8 9 |  9.0
Fighting       | 4 5 6 7 8 10 | 10.7
Armour         | 3 |  3.3

Action                   |  1- 3 |  4- 6 |  7- 9 | 10-12 || total
-------------------------+-------+-------+-------+-------++-------
Melee: Flail             |   185 |   218 |   110 |       ||   513
       Mace              |       |       |   244 |   347 ||   591
Throw: Throwing net      |       |       |       |     1 ||     1
Evoke: Wand              |       |       |     7 |    20 ||    27
  Use: Scroll            |       |     5 |     2 |     4 ||    11
Armor: Scale mail        |    59 |    69 |   120 |   127 ||   375
       Chain mail        |       |       |       |     9 ||     9
Dodge: Dodged            |    99 |    99 |   218 |   141 ||   557
Block: Kite shield       |    96 |   113 |   293 |   211 ||   713
